 Dungeon Crawl Stone Soup version 0.29.1-12-g30fa7ad0bf (webtiles) character file.

Game seed: 4499534079795132994

5 kingofthe the Caller (level 1, -1/13 HPs)
             Began as a Merfolk Summoner on Jan 14, 2023.
             Slain by a jackal (2 damage)
             ... on level 1 of the Dungeon.
             The game lasted 00:01:11 (283 turns).

kingofthe the Caller (Merfolk Summoner)              Turns: 283, Time: 00:01:11

Health: -1/13      AC:  2    Str:  8    XL:     1   Next: 80%
Magic:  0/3        EV: 13    Int: 14    God:
Gold:   0          SH:  0    Dex: 14    Spells: 3/4 levels left

rFire   . . .      SeeInvis .   (no weapon)
rCold   . . .      Faith    .   (no shield)
rNeg    . . .      Spirit   .   a - +0 robe
rPois   .          Reflect  .   (no helmet)
rElec   .          Harm     .   (no cloak)
rCorr   .          Rampage  .   (no gloves)
Will    .....                   (no boots)
Stlth   ++........              (no amulet)
HPRegen 0.04/turn               (no ring)
MPRegen 0.08/turn               (no ring)

@: no status effects
A: (nimble swimmer 2), mertail
a: no special abilities


You were on level 1 of the Dungeon.
You visited 1 branch of the dungeon, and saw 1 of its levels.

Inventory:

Armour
 a - a +0 robe (worn)
Potions
 b - a potion of magic
 c - a potion of mutation {unknown}


   Skills:
 * Level 3.0 Dodging
 + Level 2.3 Stealth
 + Level 2.0 Spellcasting
 + Level 4.0 Summonings


You had 3 spell levels left.
You knew the following spells:

 Your Spells              Type           Power      Damage    Failure   Level
a - Summon Small Mammal   Summ           48%        N/A       4%          1

Your spell library contained the following spells:

 Spells                   Type           Power      Damage    Failure   Level
 Call Imp                 Summ           12%        N/A       7%          2
 Call Canine Familiar     Summ           12%        N/A       13%         3
 Summon Guardian Golem    Hex/Summ       7%         N/A       30%         3
 Summon Lightning Spire   Summ/Air       7%         N/A       71%         4


Dungeon Overview and Level Annotations

Branches:
Dungeon (1/15)

Altars:


Innate Abilities, Weirdness & Mutations

((You are very nimble when in or above water. (Stealth+, EV+, Speed+++)))
Your lower body shifts to a powerful aquatic tail in water.


Message History

Your bat misses the jackal. The jackal attacks as you move away!
The jackal bites you.
* * * LOW HITPOINT WARNING * * *
The jackal completely misses you.
Your rat barely misses the jackal.
Casting: Summon Small Mammal (safe; 4% risk of failure)
Confirm with . or Enter, or press ? or * to list all spells.
Your bat disappears in a puff of smoke!
The jackal completely misses you. The jackal bites you.
* * * LOW HITPOINT WARNING * * *
The jackal closely misses you.
Your rat closely misses the jackal.
The jackal barely misses you. The jackal attacks as you move away!
The jackal closely misses you.
Your bat closely misses the jackal.
Your bat hits the jackal but does no damage.
The jackal attacks as you move away! The jackal barely misses you.
Your bat hits the jackal but does no damage.
The jackal bites your bat.
Your rat completely misses the jackal.
Your bat barely misses the jackal.
Your bat barely misses the jackal.
The jackal bites your bat.
Your bat hits the jackal but does no damage.
The jackal barely misses you. The jackal bites your bat.
Your bat dies!
Your bat's corpse disappears in a puff of smoke!
Your rat bites the jackal.
The jackal bites your rat.
Your rat dies!
Your rat's corpse disappears in a puff of smoke!
You barely miss the jackal.
The jackal is lightly wounded.
The jackal misses you. The jackal bites you.
* * * LOW HITPOINT WARNING * * *
Casting: Summon Small Mammal (safe; 4% risk of failure)
Confirm with . or Enter, or press ? or * to list all spells.
The jackal barely misses you.
You swap places.
Your rat misses the jackal. The jackal attacks as you move away!
The jackal barely misses you.
Your rat bites the jackal.
The jackal closely misses you.
Your rat bites the jackal.
The jackal bites you.
You die...

#..#
#######..######
#.............#
#.#####..####.#
#r# ##...## #.#
#.....# #h#
##...##
#h######.##
#@#......#
#.#......#
#........#
###......#
.#..# #......#
#.#.# ###..#.#
#...## #.....
..... ##.###
#...# #...#


You could see 2 jackals and a friendly rat (summoned).

Vanquished Creatures
  A bat (D:1)
  A hobgoblin (D:1)
  A ball python (D:1)
3 creatures vanquished.

Vanquished Creatures (collateral kills)
  A hobgoblin (D:1)
  A frilled lizard (D:1)
2 creatures vanquished.

Grand Total: 5 creatures vanquished

Notes
Turn   | Place    | Note
-------+----------+-------------------------------------------
     0 | D:1      | kingofthe the Merfolk Summoner began the quest for the Orb.
     0 | D:1      | Reached XP level 1. HP: 13/13 MP: 3/3
    53 | D:1      | Found a faded altar of an unknown god.
   283 | D:1      | Slain by a jackal

Illustrated notes

Levels and vault maps discovered:
D:1:      saegor_arrival_simple_a, layout_loops_ring, serial_shops,
          nicolae_square_shop, hellmonk_ecumenical_altar_heavens_door

Skill      XL: |  1 |
---------------+----+-----
Dodging        | 3 |  3.0
Stealth        | |  2.3
Spellcasting   | |  2.0
Summonings     | |  4.0

Action                   || total
-------------------------++-------
Melee: Unarmed           ||    55
       Punch             ||     1
 Cast: Summon Small Mamm ||     7
 Stab: Sleeping          ||     1
Armor: Robe              ||    19
Dodge: Dodged            ||    71
